 Dungeon Crawl Stone Soup version 0.29-a0-1027-gcd8c55af63 (webtiles) character file.

Game seed: 14798354082958159605

3822 Zonian the Merchant of Misery (level 9, -3/94 HPs)
             Began as a Demonspawn Necromancer on Aug 13, 2022.
             Was a Believer of Kikubaaqudgha.
             Slain by a demonic crawler (6 damage)
             ... on level 1 of the Abyss.
             The game lasted 00:28:54 (12175 turns).

Zonian the Merchant of Misery (DsNe)               Turns: 12175, Time: 00:28:57

Health: -3/94      AC: 24    Str: 10    XL:     9   Next: 97%
Magic:  0/28       EV:  2    Int: 25    God:    Kikubaaqudgha [**....]
Gold:   73         SH:  0    Dex: 13    Spells: 6/21 levels left

rFire   . . .      SeeInvis .   m - +9 trident "Zujuan" {speed, +Blink rN++}
rCold   . . .      Faith    .   (no shield)
rNeg    + + +      Spirit   +   (body armour currently unavailable)
rPois   +          Reflect  .   (helmet currently unavailable)
rElec   .          Harm     .   (cloak currently unavailable)
rCorr   .          Rampage  .   (gloves unavailable)
Will    .....      NoTele   +   (boots currently unavailable)
Stlth   +++.......              g - amulet of guardian spirit
HPRegen 0.25/turn               c - ring of the Sky {rN+ Int+5}
MPRegen 0.21/turn               F - ring of magical power

@: tree-form
A: stationary, stasis, torment immunity, boosted hp, demonic guardian 2, foul
stench 2, (demonic touch 3)
a: Renounce Religion, Evoke Blink, Unearth Wretches


You were on level 1 of the Abyss.
You worshipped Kikubaaqudgha.
Kikubaaqudgha was pleased with you.
You were a tree.
You visited 2 branches of the dungeon, and saw 10 of its levels.
You visited the Abyss 1 time.

You collected 530 gold pieces.
You spent 457 gold pieces at shops.

Inventory:

Hand Weapons
 d - a +0 trident
 e - a +0 short sword
 l - a +3 dagger of freezing
 m - the +9 trident "Zujuan" (weapon) {speed, +Blink rN++}
   (You bought it in a shop on level 5 of the Dungeon)

   Attacks with this weapon are significantly faster.
   rN:        It greatly protects you from negative energy.
   +Blink:    It lets you blink.
 x - a +0 sling
 z - a +2 flail of protection
Missiles
 J - 3 curare-tipped darts
Armour
 a - a +0 robe
 j - a +1 pair of boots (melded)
 y - a scarf of repulsion (melded)
 B - +0 storm dragon scales
 E - a +2 robe of cold resistance (melded)
Magical Staves
 f - a staff of poison
 H - a staff of death
Jewellery
 c - the ring of the Sky (left branch) {rN+ Int+5}
   (You acquired it on level 3 of the Dungeon)

   [ring of positive energy]

   Int:       It affects your intelligence (+5).
   rN:        It protects you from negative energy.
 g - an amulet of guardian spirit (around neck)
 w - a ring of flight
 C - a ring of positive energy
 F - a ring of magical power (right branch)
 K - an amulet of magic regeneration
Wands
 t - a wand of iceblast (3)
 A - a wand of flame (12)
 L - a wand of charming (11)
Scrolls
 h - 2 scrolls of magic mapping
 i - 2 scrolls of enchant weapon
 D - a scroll of amnesia
 G - a scroll of enchant armour
 I - 2 scrolls of teleportation
Potions
 b - a potion of magic
 k - 3 potions of attraction
 o - a potion of curing
 p - 4 potions of brilliance
 q - a potion of degeneration {unknown}
 r - 3 potions of haste {unknown}
 s - a potion of invisibility {unknown}
 u - a potion of flight {unknown}
 v - 3 potions of mutation {unknown}


   Skills:
 + Level 3.0 Fighting
 + Level 6.6 Dodging
 + Level 7.2 Stealth
 + Level 6.7 Spellcasting
 + Level 8.8 Necromancy


You had 6 spell levels left.
You knew the following spells:

 Your Spells              Type           Power      Damage    Failure   Level
a - Necrotise             Necr           100%       1d9       1%          1
b - Vampiric Draining     Necr           51%        2d9       1%          3
c - Animate Dead          Necr           51%        N/A       1%          4
d - Sublimation of Blood  Necr           51%        N/A       1%          2
e - Agony                 Necr           51%        N/A       4%          5

Your spell library contained the following spells:

 Spells                   Type           Power      Damage    Failure   Level
 Summon Small Mammal      Summ           32%        N/A       7%          1
 Anguish                  Hex/Necr       15%        N/A       11%         4
 Call Canine Familiar     Summ           8%         N/A       21%         3
 Portal Projectile        Hex/Tloc       16%        N/A       21%         3
 Summon Guardian Golem    Hex/Summ       8%         N/A       21%         3
 Leda's Liquefaction      Hex/Erth       4%         N/A       56%         4
 Lee's Rapid Deconstruct  Erth           4%         3d6*      88%         5
 Statue Form              Tmut/Erth      5%         N/A       100%        6


Dungeon Overview and Level Annotations

Branches:
Dungeon (9/15)             Temple (1/1) D:4
   Lair: D:8-11         Orc: D:9-12

Altars:
Ashenzari
Cheibriados
Fedhas
Hepliaklqana
Kikubaaqudgha
Nemelex Xobeh
Qazlal
Ru
Sif Muna
Trog
Vehumet

Shops:
D:5 *(!(

Annotations:
D:2 Sigmund
D:3 2 transporters, BleedingAnus's ghost, amateur HOMo
D:6 1 runed translucent door
D:9 Erolcha


Innate Abilities, Weirdness & Mutations

You are a tree.
Your roots penetrate the ground, keeping you stationary.
You cannot be teleported.
You are immune to unholy pain and torment.
Your maximum health is greatly increased.
Your equipment is partially melded.
A demonic guardian rushes to your aid.
You sometimes emit foul miasma when damaged in melee.
((Your touch may irresistibly damage your foes and sap their willpower.))


Message History

The demonic crawler hits you but does no damage.
You hit the demonic crawler.
The demonic crawler is severely wounded.
The demonic crawler barely misses you.
The demonic crawler hits you but does no damage. x3
The demonic crawler hits you!
* * * LOW HITPOINT WARNING * * *
A demonic guardian appears!
The demonic crawler hits you but does no damage.
Casting: Animate Dead (mildly dangerous; 1% risk of failure)
Confirm with . or Enter, or press ? or * to list all spells.
Okay, then.
You hit the demonic crawler.
The demonic crawler is severely wounded.
The demonic crawler hits you.
* * * LOW HITPOINT WARNING * * *
The demonic crawler hits you but does no damage. x2
Okay, then.
You hit the demonic crawler but do no damage.
The demonic crawler is severely wounded.
The demonic crawler hits you.
* * * LOW HITPOINT WARNING * * *
The demonic crawler hits you but does no damage. x2
You hit the demonic crawler but do no damage.
The demonic crawler is severely wounded.
The demonic crawler hits you but does no damage. x2
The demonic crawler hits you.
* * * LOW HITPOINT WARNING * * *
You barely miss the demonic crawler.
The demonic crawler is severely wounded.
The demonic crawler hits you!
* * * LOW HITPOINT WARNING * * *
The demonic crawler hits you but does no damage. x2
It was a potion of curing.
You feel better.
The demonic crawler shrieks in warning!
The demonic crawler hits you.
* * * LOW HITPOINT WARNING * * *
The demonic crawler hits you. x2
You die...
Kikubaaqudgha rasps: "You have failed me!
Welcome... death!"

#. . .#
.##.#.# .
#...#.#
.# .. ..
.# # #.#
#.#. #
#.#....##
###.# ..
#..s##.#
#..#♣.#
#.4#.#
#..# #..
...# #..#
###. #.#
## ##


You could see a demonic crawler (catching breath, ally target) and a friendly
hellwing (summoned).

Vanquished Creatures
  5 yaks (D:9)
  A wyvern (D:8)
  A steam dragon (D:6)
  A water moccasin (D:6)
  4 sky beasts
  A black bear (D:7)
  An ice beast (D:5)
  An ogre (D:6)
  4 bullfrogs
  Blork the orc (D:5)
  3 necrophages
  A scorpion (D:6)
  5 wights
  6 killer bees (D:8)
  5 hounds
  3 orc priests
  2 jellies
  2 gnoll boudas
  Ijyb (D:3)
  6 iguanas
  4 orc wizards
  9 adders
  12 gnolls
  A shadow imp (D:8)
  4 worms
  18 orcs
  6 endoplasms
  2 giant cockroaches
  3 goblins
  6 hobgoblins
  2 quokkas (D:1)
  11 ball pythons
  5 bats
  8 frilled lizards
  10 kobolds
  3 rats
158 creatures vanquished.

Vanquished Creatures (collateral kills)
  An iguana (D:6)
  2 gnolls (D:5)
  An ufetubus (D:4)
  2 hobgoblins
  A kobold (D:1)
7 creatures vanquished.

Vanquished Creatures (others)
  A yak zombie (D:9)
1 creature vanquished.

Grand Total: 166 creatures vanquished

Notes
Turn   | Place    | Note
-------+----------+-------------------------------------------
     0 | D:1      | Zonian the Demonspawn Necromancer began the quest for the
                  | Orb.
     0 | D:1      | Reached XP level 1. HP: 13/13 MP: 3/3
   393 | D:1      | Gained mutation: Your touch may inflict minor irresistible
                  | damage on your foes. [demonic ancestry]
   393 | D:1      | Reached XP level 2. HP: 19/19 MP: 1/5
  1943 | D:2      | Gained mutation: Your touch may inflict irresistible damage
                  | on your foes. [demonic ancestry]
  1943 | D:2      | Reached XP level 3. HP: 23/24 MP: 6/6
  1982 | D:2      | Found a bloodstained altar of Trog.
  2340 | D:2      | Reached XP level 4. HP: 15/30 MP: 1/7
  3021 | D:2      | Noticed Sigmund
  3365 | D:3      | Noticed Ijyb
  3382 | D:3      | Identified a scroll of acquirement
  3382 | D:3      | Acquired the ring of the Sky {rN+ Int+5}
  3389 | D:3      | Learned a level 3 spell: Vampiric Draining
  3394 | D:3      | Learned a level 4 spell: Animate Dead
  3478 | D:3      | Noticed an ogre
  3589 | D:3      | Reached skill level 5 in Necromancy
  3974 | D:3      | Killed Ijyb
  3975 | D:3      | Gained mutation: A weak demonic guardian rushes to your
                  | aid. [demonic ancestry]
  3975 | D:3      | Reached XP level 5. HP: 34/35 MP: 2/9
  4094 | D:3      | Found a transporter.
  4094 | D:3      | Noticed an ogre
  4094 | D:3      | Noticed BleedingAnus's ghost (amateur HOMo)
  4106 | D:3      | Found a transporter.
  4211 | D:3      | Found a faded altar of an unknown god.
  4353 | D:4      | Found a staircase to the Ecumenical Temple.
  4361 | Temple   | Entered the Ecumenical Temple
  4368 | Temple   | Became a worshipper of Kikubaaqudgha
  5536 | D:5      | Entered Level 5 of the Dungeon
  5536 | D:5      | Noticed Blork the orc
  5542 | D:5      | Killed Blork the orc
  5543 | D:5      | Gained mutation: A demonic guardian rushes to your aid.
                  | [demonic ancestry]
  5543 | D:5      | Reached XP level 6. HP: 41/41 MP: 5/11
  5944 | D:5      | Reached * piety under Kikubaaqudgha
  5944 | D:5      | Received a gift from Kikubaaqudgha
  6299 | D:5      | Found Iggar's Assorted Antiques.
  6307 | D:5      | Bought a purple potion for 24 gold pieces
  6307 | D:5      | Bought a ruby ring for 135 gold pieces
  6313 | D:5      | Found Haw Esat's Distillery.
  6316 | D:5      | Bought a potion of heal wounds for 60 gold pieces
  6378 | D:5      | Gained mutation: Your touch may irresistibly damage your
                  | foes and sap their willpower. [demonic ancestry]
  6378 | D:5      | Reached XP level 7. HP: 39/46 MP: 6/12
  6386 | D:5      | Reached skill level 6 in Necromancy
  6614 | D:5      | Found a broken altar of Ashenzari.
  6758 | D:5      | Found Michuag's Antique Weapon Shop.
  6856 | D:5      | Found Cibrinemn's Antique Weapon Boutique.
  6973 | D:6      | Noticed a steam dragon
  8056 | D:6      | Gained mutation: You may rarely emit foul miasma when
                  | damaged in melee. [demonic ancestry]
  8056 | D:6      | Reached XP level 8. HP: 52/52 MP: 15/15
  8060 | D:6      | Reached skill level 5 in Stealth
  8128 | D:6      | Reached skill level 5 in Spellcasting
  8128 | D:6      | Reached skill level 7 in Necromancy
  8330 | D:6      | Reached skill level 5 in Dodging
  8653 | D:6      | Found a runed translucent door.
  8903 | D:6      | Found a snail-covered altar of Cheibriados.
  9518 | D:7      | Gained mutation: You sometimes emit foul miasma when
                  | damaged in melee. [demonic ancestry]
  9518 | D:7      | Reached XP level 9. HP: 54/57 MP: 17/17
  9521 | D:7      | Learned a level 2 spell: Sublimation of Blood
  9527 | D:7      | Learned a level 5 spell: Agony
  9784 | D:7      | Noticed a boulder beetle
  9994 | D:7      | Reached skill level 8 in Necromancy
 10664 | D:5      | Bought a twisted trident for 238 gold pieces
 10664 | D:5      | Identified the +9 trident "Zujuan" {speed, +Blink rN++}
                  | (You bought it in a shop on level 5 of the Dungeon)
 10862 | D:8      | Reached ** piety under Kikubaaqudgha
 11088 | D:8      | Found a blossoming altar of Fedhas.
 11148 | D:8      | Reached skill level 1 in Fighting
 11186 | D:8      | Found a bloodstained altar of Trog.
 11679 | D:9      | Noticed Erolcha
 12088 | Abyss:1  | Cast into level 1 of the Abyss (Erolcha)
 12148 | Abyss:1  | Noticed a demonic crawler
 12162 | Abyss:1  | Noticed a glowing orange brain
 12174 | Abyss:1  | HP: 1/94 [demonic crawler (6)]
 12175 | Abyss:1  | Slain by a demonic crawler

Illustrated notes

Levels and vault maps discovered:
D:1:      saegor_arrival_simple_a, layout_basic
D:2:      layout_basic, basic_altar, uniq_sigmund
D:3:      layout_rooms, ebering_ecumenical_altar_petrified,
          gammafunk_ghost_smash, uniq_ijyb
D:4:      layout_gridville, temple_statues
D:5:      layout_loops_ring, mainiacjoe_overflow_six_doors_small, serial_shops,
          kennysheep_mini_moat, shop, nicolae_shop_behind_doors, shop,
          chequers_serial_rivers_micro_c, uniq_blork_the_orc
D:6:      layout_rooms, slow_altar_1, nicolae_overflow_hidden_temple,
          portal_sewer_entry_d, lightli_church_of_beogh
D:7:      layout_rooms, minivault_26
D:8:      layout_loops_cross, fedhas_altar_fruit_tree,
          lemuel_coloured_pillars_altar, nrook_mini_backslash
D:9:      layout_roguey, kennysheep_mini, okawaru_metal_pillars_1_2,
          eino_small_chamber_without_monster, chequers_serial_rivers_micro_c,
          minmay_hedge_maze, grunt_ministairs_9, uniq_erolcha
Temple:   nicolae_temple_ecumenical_triangle
Abyss:1:  base: D:3, base:
Temple

Skill      XL: |  1  2  3  4  5  6  7  8  9 |
---------------+----------------------------+-----
Stealth        | 2 3 4 6 7 |  7.2
Dodging        | 2 3 4 5 6 |  6.6
Necromancy     | 5 6 7 8 |  8.8
Spellcasting   | 3 4 5 6 |  6.7
Fighting       | 3 |  3.0

Action                   |  1- 3 |  4- 6 |  7- 9 || total
-------------------------+-------+-------+-------++-------
Melee: Short sword       |    62 |    41 |       ||   103
       Touch             |    10 |     8 |    36 ||    54
       Punch             |     1 |       |     1 ||     2
       Flail             |       |    13 |   110 ||   123
       Trident           |       |       |    91 ||    91
Throw: Throwing net      |       |       |     1 ||     1
 Cast: Necrotise         |    40 |    93 |    84 ||   217
       Vampiric Draining |       |     1 |     6 ||     7
       Animate Dead      |       |       |     1 ||     1
Evoke: Wand              |       |     1 |     1 ||     2
  Use: Scroll            |     1 |     7 |     7 ||    15
       Potion            |       |     1 |     4 ||     5
 Stab: Sleeping          |     5 |     6 |     6 ||    17
Armor: Robe              |    15 |    17 |    77 ||   109
       Skin              |       |       |    47 ||    47
Dodge: Dodged            |    58 |    90 |   186 ||   334
       Repelled          |       |     1 |       ||     1

Table legend: (Time is in decaauts)
 A = Elapsed time spent in this place.
 B = Non-inter-level travel time spent in this place.
 C = Inter-level travel time spent in this place.
 D = Time resting spent in this place.
 E = Time spent auto-exploring this place.
 F = Levels seen in this place.
 G = Mean time per level.
                   A        B        C        D        E       F      G
               +--------+--------+--------+--------+--------+-----+--------+
         Total |  12231 |  11864 |    367 |   3894 |   5665 |  11 | 1111.9 |
       Dungeon |  12132 |  11765 |    367 |   3840 |   5665 |   9 | 1348.0 |
        Temple |     14 |     14 |      0 |      0 |      0 |   1 |   14.0 |
         Abyss |     84 |     84 |      0 |     54 |      0 |   1 |   84.0 |
               +--------+--------+--------+--------+--------+-----+--------+

Top non-repeatable levels by time:
     D:5: 2495 daAuts
     D:1: 1927 daAuts
     D:6: 1512 daAuts
     D:8: 1462 daAuts
     D:2: 1428 daAuts
     D:4: 1220 daAuts
     D:7: 1099 daAuts
     D:3: 953 daAuts
 Abyss:1: 84 daAuts
     D:9: 33 daAuts
  Temple: 14 daAuts
